cohdb
Replays
Latest Replays
All Replays
Popular Replays
Top Player Replays
Match Explorer
How It Works
Community
CoH3 Stats
Reddit
Sign in to upload your games and track your stats! →
Sign in with Steam
Match 38326903
Unlisted
Match 38326903
Overview
Messages
Build Orders
End
Engineer Squad
Construct Barracks
Selects Armored Battlegroup
Selects Veteran Crews
Riflemen Squad
M1 Mortar Team
Riflemen Squad
Grenade Package
Construct Medical Station
Engineer Squad
Riflemen Squad
.30 cal Machine Gun
.30 cal Machine Gun
Riflemen Squad
.30 cal Machine Gun
Mechanized Support Center
Riflemen Squad
Construct Tank Depot
Selects M31 Recovery Vehicle
Selects War Machine
M1918 Browning Automatic Rifles
Riflemen Squad
Riflemen Squad
Futte
smg.GLORYnHALLELUJA
kty04_6
DeGustatorXD
Twin
Tanith's Finest
0
0
Comments
sign in to comment!
No comments posted yet!